 Dungeon Crawl Stone Soup version 0.30-a0-6-g7c9e10e132 (webtiles) character file.

Game seed: 10045853692549684952

228 Setbun the Shooter (level 5, -16/42 HPs)
             Began as a Minotaur Hunter on Aug 22, 2022.
             Demolished by an ogre
             ... wielding a +0 giant club
              (29 damage)
             ... on level 4 of the Dungeon.
             The game lasted 00:02:08 (2470 turns).

Setbun the Shooter (Minotaur Hunter)                Turns: 2470, Time: 00:02:08

Health: -16/42     AC:  5    Str: 17    XL:     5   Next: 71%
Magic:  4/4        EV: 11    Int:  6    God:
Gold:   180        SH:  0    Dex: 14    Spells: 4/4 levels left

rFire   . . .      SeeInvis .    a - +0 shortbow
rCold   . . .      Faith    .    (shield currently unavailable)
rNeg    . . .      Spirit   .    e - +0 ring mail
rPois   .          Reflect  .    (helmet restricted)
rElec   .          Harm     .    (no cloak)
rCorr   .          Rampage  .    (no gloves)
Will    .....                    (no boots)
Stlth   +.........               (no amulet)
HPRegen 0.14/turn                (no ring)
MPRegen 0.09/turn                (no ring)

@: no status effects
A: horns 2, retaliatory headbutt
a: no special abilities


You were on level 4 of the Dungeon.
You visited 1 branch of the dungeon, and saw 4 of its levels.

You collected 180 gold pieces.

Inventory:

Hand Weapons
 a - a +0 shortbow (weapon)
Missiles
 m - a throwing net
Armour
 c - a +0 leather armour
 e - a +0 ring mail (worn)
Scrolls
 b - 2 scrolls of immolation
 g - 2 scrolls of magic mapping {unknown}
 i - 6 scrolls of identify {unknown}
 k - 3 scrolls of noise {unknown}
 l - 2 scrolls of enchant weapon {unknown}
 n - a scroll of poison {unknown}
 o - a scroll of silence {unknown}
 p - a scroll of blinking {unknown}
Potions
 d - a potion of berserk rage {unknown}
 f - 2 potions of brilliance {unknown}
 h - 2 potions of might {unknown}
 j - a potion of haste {unknown}


   Skills:
 - Level 2.4 Fighting
 * Level 7.7 Ranged Weapons
 - Level 2.1 Dodging
 - Level 0.7 Stealth


You had 4 spell levels left.
You didn't know any spells.
Your spell library was empty.

Dungeon Overview and Level Annotations

Branches:
Dungeon (4/15)
 Temple: D:4-7

Altars:


Innate Abilities, Weirdness & Mutations

You have a pair of horns on your head.
You reflexively headbutt those who attack you in melee.


Message History

Done exploring.
No target in view!
(D) Dungeon
Where to? (Enter - D:3, ? - help)
There is a stone staircase leading down here.
You climb downwards.
The ogre shouts!
There is a stone staircase leading up here.
An ogre is nearby!
An ogre is nearby!
An ogre is nearby!
You shoot an arrow. The arrow hits the ogre.
The ogre is lightly wounded.
You shoot an arrow. The arrow hits the ogre.
The ogre is lightly wounded.
You shoot an arrow. The arrow hits the ogre.
The ogre is moderately wounded.
You shoot an arrow. The arrow hits the ogre.
The ogre is moderately wounded.
You shoot an arrow. The arrow hits the ogre.
The ogre is moderately wounded.
The ogre hits you with a +0 giant club!!
Ouch! That really hurt!
You are too injured to fight recklessly!
You are too injured to fight recklessly!
You are too injured to fight recklessly!
Fire: a) +0 shortbow
Press: ? - help, Q - select action, (/) - cycle Shift-Dir - straight line, f/p - ogre
Aim: an ogre, wielding a +0 giant club (moderately wounded, 77% to hit)
You shoot an arrow. The arrow hits the ogre.
The ogre is moderately wounded.
The ogre hits you with a +0 giant club.
Fire: a) +0 shortbow
Press: ? - help, Q - select action, (/) - cycle Shift-Dir - straight line, f/p - ogre
Aim: an ogre, wielding a +0 giant club (moderately wounded, 77% to hit)
You shoot an arrow. The arrow hits the ogre.
The ogre is heavily wounded.
The ogre hits you with a +0 giant club!!
Ouch! That really hurt!
You die...

#####
......###
......O@#
......###
.....
.... ...
.. .


You could see an ogre.

Vanquished Creatures
  An ogre (D:3)
  Natasha (D:2)
  4 adders
  3 gnolls
  A worm (D:2)
  A dart slug (D:1)
  An orc (D:3)
  2 ball pythons
  3 endoplasms
  5 giant cockroaches (D:2)
  4 goblins
  4 hobgoblins
  3 quokkas
  8 bats
  2 frilled lizards (D:1)
  6 kobolds
  6 rats
55 creatures vanquished.

Notes
Turn   | Place    | Note
-------+----------+-------------------------------------------
     0 | D:1      | Setbun the Minotaur Hunter began the quest for the Orb.
     0 | D:1      | Reached XP level 1. HP: 18/18 MP: 0/0
   142 | D:1      | Reached XP level 2. HP: 25/25 MP: 1/1
   213 | D:1      | Reached skill level 5 in Ranged Weapons
   694 | D:2      | Reached XP level 3. HP: 30/30 MP: 2/2
   942 | D:2      | Reached skill level 6 in Ranged Weapons
  1178 | D:2      | Found a faded altar of an unknown god.
  1278 | D:2      | Reached XP level 4. HP: 37/37 MP: 3/3
  1494 | D:2      | Noticed Natasha
  1504 | D:2      | Killed Natasha
  1904 | D:3      | Noticed an ogre
  1909 | D:3      | Killed an ogre
  1910 | D:3      | Reached skill level 7 in Ranged Weapons
  1910 | D:3      | Reached XP level 5. HP: 41/42 MP: 4/4
  2463 | D:4      | Noticed an ogre
  2470 | D:4      | Demolished by an ogre

Illustrated notes

Levels and vault maps discovered:
D:1:      lightli_arrival_chessboard, layout_basic
D:2:      layout_basic, basic_ecumenical_altar, minmay_between, uniq_natasha
D:3:      layout_loops_cross
D:4:      layout_basic, serial_forest, infiniplex_forest_lined_corner,
          infiniplex_forest_clump_double, infiniplex_forest_end_2,
          infiniplex_forest_lined_2, infiniplex_forest_split, glass_columns_a,
          roderic_roman_lattice

Skill      XL: |  1  2  3  4 |
---------------+-------------+-----
Ranged Weapons | 5 6 7 |  7.7
Fighting       | |  2.4
Dodging        | |  2.1
Stealth        | |  0.7

Action                   |  1- 3 |  4- 6 || total
-------------------------+-------+-------++-------
 Fire: Shortbow          |   113 |    75 ||   188
Armor: Ring mail         |    24 |     6 ||    30
Dodge: Dodged            |    35 |    26 ||    61

Table legend: (Time is in decaauts)
 A = Elapsed time spent in this place.
 B = Non-inter-level travel time spent in this place.
 C = Inter-level travel time spent in this place.
 D = Time resting spent in this place.
 E = Time spent auto-exploring this place.
 F = Levels seen in this place.
 G = Mean time per level.
                   A        B        C        D        E       F      G
               +--------+--------+--------+--------+--------+-----+--------+
         Total |   2527 |   2482 |     45 |    106 |   2013 |   4 |  631.8 |
       Dungeon |   2527 |   2482 |     45 |    106 |   2013 |   4 |  631.8 |
               +--------+--------+--------+--------+--------+-----+--------+

Top non-repeatable levels by time:
     D:2: 1218 daAuts
     D:1: 684 daAuts
     D:3: 617 daAuts
     D:4: 8 daAuts
